 Dungeon Crawl Stone Soup version 0.23-a0-470-g6f7cfd9 (webtiles) character file.

9356 Lavandula the Basher (level 11, 0/78 (81) HPs)
             Began as a Naga Air Elementalist on Nov 26, 2018.
             Was an Elder of Ru.
             Slain by a wolf spider zombie (6 damage)
             ... on level 12 of the Dungeon.
             The game lasted 00:37:27 (5674 turns).

Lavandula the Basher (Naga Air Elementalist)        Turns: 5674, Time: 00:37:28

HP:   0/78 (81)     AC: 11    Str: 10    XL:     11   Next: 45%
MP:   20/20         EV:  9    Int: 18    God:    Ru [****..]
Gold: 892           SH:  0    Dex: 11    Spells: 5/22 levels left

rFire    . . .     SeeInvis +   l - +1 mace (protect)
rCold    + + .     Gourm    .   (shield unavailable)
rNeg     . . .     Faith    .   n - +2 robe {rC+}
rPois    +         Spirit   .   i - +2 helmet
rElec    .         Reflect  .   s - scarf {cloud immunity}
rCorr    .         Harm     .   (no gloves)
MR       +....                  (no barding)
Stlth    +++.......             (no amulet)
HPRegen  0.23/turn              (ring unavailable)
MPRegen  0.17/turn              t - ring of stealth

@: exhausted, short of breath, heavily drained, very slow
A: large, thin metallic scales 1, see invisible, clumsy 1, cold resistance 1,
deformed body, frail 1, poison resistance, slowness 2, slow metabolism 1, spit
poison 2, missing a hand, AC +3
a: Breathe Poison Gas, Draw Out Power, Power Leap, Renounce Religion


You were on level 12 of the Dungeon.
You worshipped Ru.
Ru was greatly pleased with you.
You were not hungry.

You visited 3 branches of the dungeon, and saw 16 of its levels.

You collected 892 gold pieces.

Inventory:

Hand Weapons
 a - a +5 falchion
 h - a +2 hand axe of flaming
 j - a +0 trident
 l - a +1 mace of protection (weapon)
 p - a +5 flail of freezing
Missiles
 u - 2 throwing nets (quivered)
Armour
 d - a +0 cloak
 i - a +2 helmet (worn)
 n - a +2 robe of cold resistance (worn)
 s - a scarf of cloud immunity (worn)
 v - a cursed +0 buckler
 w - a scarf of spirit shield
Jewellery
 b - an uncursed ring of resist corrosion
 q - an uncursed ring of fire
 t - a ring of stealth (right hand)
Wands
 y - a wand of flame (27)
 z - a wand of iceblast (11)
Scrolls
 e - 3 scrolls of teleportation
 g - 5 scrolls of remove curse
 k - 2 scrolls of amnesia
 m - a scroll of enchant weapon
 o - a scroll of torment
Potions
 f - a potion of agility
 r - a potion of heal wounds {unknown}
 x - a potion of flight {unknown}
 A - a potion of curing {unknown}
 B - a potion of mutation
Comestibles
 c - 22 rations


   Skills:
 - Level 3.2(1.9) Fighting
 - Level 9.8(8.2) Maces & Flails
 - Level 1.5(0.2) Dodging
 - Level 3.0(1.6) Stealth
 - Level 6.3(4.9) Spellcasting
 - Level 1.0(0.0) Conjurations
 - Level 6.2(4.7) Charms
 - Level 3.4(2.0) Translocations
 - Level 4.8(3.3) Ice Magic
 - Level 6.9(5.5) Air Magic
 + Level 6.6(5.2) Poison Magic


You had 5 spell levels left.
You knew the following spells:

 Your Spells              Type           Power        Failure   Level  Hunger
a - Shock                 Conj/Air       ##..         4%          1    None
b - Mephitic Cloud        Conj/Pois/Air  ###.....     10%         3    ###....
c - Airstrike             Air            ###.......   14%         4    ####...
d - Blink                 Tloc           N/A          9%          2    #......
e - Ozocubu's Armour      Chrm/Ice       ###.....     8%          3    ###....
f - Olgreb's Toxic Radia  Pois           ###.....     16%         4    ####...

Your spell library contained the following spells:

 Spells                   Type           Power        Failure   Level  Hunger
 Poisonous Vapours        Pois/Air       ###...       2%          2    #......
 Swiftness                Chrm/Air       ###.....     2%          2    #......
 Freeze                   Ice            ###.         3%          1    None
 Sting                    Conj/Pois      ##..         4%          1    None
 Throw Frost              Conj/Ice       ##....       10%         2    #......
 Static Discharge         Conj/Air       ##......     13%         3    ###....
 Beastly Appendage        Tmut           #.....       14%         1    None
 Magic Dart               Conj           #...         14%         1    None
 Sandblast                Erth           #.....       14%         1    None
 Spider Form              Tmut/Pois      ##........   14%         3    ###....
 Call Imp                 Summ           #.......     21%         2    #......
 Passwall                 Tmut/Erth      #.......     21%         2    #......
 Slow                     Hex            #.......     21%         2    #......
 Sticks to Snakes         Tmut           #.......     21%         2    #......
 Conjure Flame            Conj/Fire      #.......     38%         3    ###....
 Stone Arrow              Conj/Erth      #.....       38%         3    ###....
 Ice Form                 Ice/Tmut       ##......     54%         4    ####...
 Summon Ice Beast         Ice/Summ       ##......     54%         4    ####...
 Throw Icicle             Conj/Ice       ##......     54%         4    ####...
 Lightning Bolt           Conj/Air       ##........   77%         5    ######.
 Venom Bolt               Conj/Pois      ##........   78%         5    ######.
 Petrify                  Tmut/Erth      #.......     80%         4    ####...
 Blade Hands              Tmut           #.........   98%         5    ######.
 Lee's Rapid Deconstruct  Erth           #.........   98%         5    ######.


Dungeon Overview and Level Annotations

Branches:
Dungeon (13/15)            Temple (1/1) D:7             Orc (2/2) D:9
    Elf (0/3) Orc:2
   Lair: D:8-11      Vaults: D:13-14

Altars:
Hepliaklqana
Kikubaaqudgha
Makhleb
Nemelex Xobeh
Qazlal
Ru
Yredelemnul
The Shining One

Shops:
D:12 !   Orc:1 [

Annotations:
D:7 3 runed doors, George's ghost, novice GrFi
D:12 Sonja


Innate Abilities, Weirdness & Mutations

You cannot wear boots.
Your serpentine skin is tough. (AC +3)
You have supernaturally acute eyesight. (SInv)
Armour fits poorly on your strangely shaped body.
You are frail. (-10% HP)
Your system is resistant to poisons. (rPois)
You cover ground very slowly.
You have a slow metabolism.
You can exhale a cloud of poison.
You are missing a hand.
You are partially covered in thin metallic scales. (AC +2)
You are clumsy. (Dex -2)
Your flesh is cold resistant. (rC+)


Message History

The black bear claws you but does no damage. x2
You see here a scroll of remove curse.
The orc priest begins to pray, but is stunned by your will!
The howler monkey hoots and howls with incredible vigour!
You hear a loud, deep croak!
The orc is no longer blind.
The wolf spider zombie hits you. The wolf spider zombie bites you.
The orc priest mumbles some strange prayers to Beogh against you.
Beogh smites you!
* * * LOW HITPOINT WARNING * * *
You redirect the black bear's attack!
The black bear bites you but does no damage.
The black bear misses you. The black bear claws you.
* * * LOW HITPOINT WARNING * * *
You redirect Sonja's attack!
The orc priest mumbles some strange prayers to Beogh against you.
Beogh smites you!
* * * LOW HITPOINT WARNING * * *
The wolf spider zombie hits you.
You die...

..>..........#
.............#
..<.....o....#
........h.[.∩#
.......KoY...#
........?....#
.............#
.......hZ....#
########@#####
#.?....#
#'######


You could see Sonja, a black bear, a sky beast, a howler monkey, an orc priest,
an orc and a wolf spider zombie.

Vanquished Creatures
  Fannar (D:12)
  Erolcha (D:12)
  2 two-headed ogres
  An unseen horror (D:11)
  2 cyclopes
  An ugly thing (D:12)
  A hippogriff (D:7)
  6 yaks (D:9)
  2 wyverns
  5 orc warriors
  A sky beast (D:4)
  2 necrophages
  11 ogres
  3 centaurs
  6 bullfrogs
  3 scorpions
  3 wights (D:6)
  A howler monkey (D:11)
  3 crimson imps
  A bullfrog zombie (D:8)
  A centaur zombie (D:10)
  5 hounds
  3 jellies
  A quasit (D:7)
  5 orc priests
  11 orc wizards
  A centaur skeleton (D:11)
  7 worker ants
  2 hound zombies
  2 mummies (D:7)
  A howler monkey zombie (D:7)
  2 worker ant zombies
  Robin (D:3)
  4 gnolls (D:7)
  8 adders
  A shadow imp (D:11)
  2 adder skeletons (D:9)
  3 dart slugs
  4 leopard geckos
  46 orcs
  2 bats
  5 giant cockroaches
  7 goblins (D:3)
  7 hobgoblins
  6 jackals
  2 quokkas
  A ball python (D:7)
  3 frilled lizards
  2 kobolds (D:3)
  2 quokka skeletons (D:7)
  A quokka zombie (D:6)
  6 rats
210 creatures vanquished.

Vanquished Creatures (others)
  A hippogriff (D:9)
  A worker ant zombie (D:7)
  2 orcs
  A fungus (D:7)
  3 plants (D:7)
  2 withered plants (D:7)
10 creatures vanquished.

Grand Total: 220 creatures vanquished

Notes
Turn   | Place    | Note
-------+----------+-------------------------------------------
     0 | D:1      | Lavandula the Naga Air Elementalist began the quest for the
                  | Orb.
     0 | D:1      | Reached XP level 1. HP: 15/15 MP: 3/3
   140 | D:1      | Reached XP level 2. HP: 9/22 MP: 1/5
   379 | D:2      | Reached XP level 3. HP: 25/28 MP: 1/7
   480 | D:3      | Noticed Robin
   491 | D:3      | Killed Robin
   611 | D:3      | Reached XP level 4. HP: 36/36 MP: 6/8
   696 | D:3      | Learned a level 3 spell: Mephitic Cloud
   701 | D:3      | Learned a level 4 spell: Airstrike
   763 | D:4      | Reached XP level 5. HP: 24/42 MP: 2/9
   828 | D:4      | Reached skill level 5 in Air Magic
   895 | D:4      | Found a basalt altar of Yredelemnul.
   946 | D:4      | Noticed a sky beast
   955 | D:4      | Killed a sky beast
   955 | D:4      | Reached XP level 6. HP: 41/49 MP: 2/10
   958 | D:5      | Entered Level 5 of the Dungeon
  1214 | D:6      | Learned a level 2 spell: Blink
  1223 | D:6      | Reached XP level 7. HP: 9/55 MP: 5/11
  1283 | D:6      | Reached skill level 1 in Translocations
  1482 | D:6      | Reached skill level 1 in Fighting
  1777 | D:6      | Reached skill level 1 in Maces & Flails
  1777 | D:6      | Reached XP level 8. HP: 68/68 MP: 8/13
  1865 | D:7      | Noticed a hippogriff
  1877 | D:6      | Reached skill level 2 in Maces & Flails
  1948 | D:6      | Reached skill level 3 in Maces & Flails
  2031 | D:7      | Reached skill level 4 in Maces & Flails
  2036 | D:7      | Learned a level 3 spell: Ozocubu's Armour
  2103 | D:7      | Found a sparkling altar of Nemelex Xobeh.
  2163 | D:7      | Reached skill level 1 in Ice Magic
  2280 | D:7      | Killed a hippogriff
  2326 | D:7      | Reached XP level 9. HP: 53/71 MP: 0/14
  2362 | D:7      | Found a staircase to the Ecumenical Temple.
  2380 | Temple   | Entered the Ecumenical Temple
  2395 | Temple   | Became a worshipper of Ru the Awakened
  2420 | D:7      | Found a runed gate.
  2421 | D:7      | Found a runed gate.
  2422 | D:7      | Found a runed gate.
  2423 | D:7      | Noticed George's ghost (novice GrFi)
  2431 | D:7      | Noticed a kobold demonologist
  2693 | D:7      | Reached skill level 1 in Shields
  3203 | D:9      | Reached skill level 5 in Charms
  3227 | D:9      | Gained mutation: You are frail. (-10% HP) [Ru sacrifice]
  3227 | D:9      | Reached * piety under Ru
  3227 | D:9      | Reached ** piety under Ru
  3361 | D:10     | Entered Level 10 of the Dungeon
  3423 | D:9      | Reached skill level 5 in Maces & Flails
  3437 | D:9      | Reached skill level 6 in Maces & Flails
  3437 | D:9      | Reached XP level 10. HP: 19/69 MP: 1/15
  3537 | D:9      | Noticed a two-headed ogre
  3573 | D:9      | Killed a two-headed ogre
  3573 | D:9      | Reached skill level 7 in Maces & Flails
  3978 | D:9      | Found a staircase to the Orcish Mines.
  3987 | D:9      | Reached skill level 8 in Maces & Flails
  3996 | D:9      | Gained mutation: Your flesh is cold resistant. (rC+)
                  | [potion of mutation]
  3996 | D:9      | Gained mutation: You can exhale a cloud of poison. [potion
                  | of mutation]
  3996 | D:9      | Gained mutation: You are clumsy. (Dex -2) [potion of
                  | mutation]
  3996 | D:9      | Gained mutation: You are partially covered in thin metallic
                  | scales. (AC +2) [potion of mutation]
  4001 | D:9      | HP: 5/103 [orc/+0 short sword (4)]
  4118 | D:9      | Found a stormy altar of Qazlal.
  4288 | Orc:1    | Entered Level 1 of the Orcish Mines
  4442 | Orc:1    | Found Seipec's Armour Shoppe.
  4554 | Orc:1    | Reached skill level 9 in Maces & Flails
  4679 | Orc:2    | Entered Level 2 of the Orcish Mines
  4679 | Orc:2    | Found a staircase to the Elven Halls.
  4758 | Orc:2    | Noticed a stone giant
  4941 | D:11     | Noticed a cyclops
  4960 | D:11     | Killed a cyclops
  4986 | D:11     | Gained mutation: You are missing a hand. [Ru sacrifice]
  4986 | D:11     | Reached *** piety under Ru
  4986 | D:11     | Reached **** piety under Ru
  5165 | D:12     | Noticed a two-headed ogre
  5165 | D:12     | Noticed a cyclops
  5321 | D:11     | Noticed an unseen horror
  5340 | D:11     | Killed an unseen horror
  5387 | D:12     | Killed a cyclops
  5387 | D:12     | Reached skill level 5 in Spellcasting
  5387 | D:12     | Reached XP level 11. HP: 62/78 MP: 2/19
  5397 | D:12     | Killed a two-headed ogre
  5416 | D:12     | Learned a level 4 spell: Olgreb's Toxic Radiance
  5442 | D:13     | Noticed Sonja
  5460 | D:12     | Noticed Erolcha
  5464 | D:12     | Noticed Fannar
  5466 | D:12     | Killed Erolcha
  5466 | D:12     | Noticed a red ugly thing
  5482 | D:12     | Killed a red ugly thing
  5506 | D:12     | Killed Fannar
  5664 | D:12     | Found Gaarrij's Distillery.
  5674 | D:12     | Slain by a wolf spider zombie

Vault maps used:
D:1:      ncdulo_wetmaze, roderic_serpentine_path, minmay_close_crescents
D:2:      nicolae_gozag_seed_capital, uniq_crazy_yiuf_cottage
D:3:      cheibrodos_ashenzari_chains, first_ration, led_sif_book, uniq_robin
D:4:      fiery_altar_vehumet, lemuel_round_altar, yredelemnul_altar_generic,
          serial_shops, kennysheep_mini_moat, shop_statue, shop_statue, shop
D:5:      kennysheep_mini, minivault_27, brannock_xom_greatest_gift
D:7:      nemelex_xobeh_ov_fountains_minmay, minmay_temple_entry_hall,
          gammafunk_ghost_nasty_kobolds, serial_undead, serial_undead_f,
          serial_undead_c, serial_undead_f, serial_undead_e, serial_undead_c,
          minivault_24, grunt_ogre_cave
D:8:      marbit_many_paths
D:9:      grunt_qazlal_sundering, hiddenorc2_lemuel
D:10:     david_lair_generic, uniq_maurice
D:12:     serial_shops, shop, minmay_misc_feat_nine_boxes, uniq_erolcha,
          uniq_fannar
D:13:     david_vaults_2, uniq_frances, uniq_sonja
Temple:   nicolae_temple_hex_pool
Orc:1:    serial_shops, shop
Orc:2:    st_orc_town, basic_altar

Skill      XL: |  1  2  3  4  5  6  7  8  9 10 11 |
---------------+----------------------------------+-----
Spellcasting   | 3 5 6 |  6.3
Air Magic      | 4 5 6 |  6.9
Translocations | 3 |  3.4
Fighting       | 2 3 |  3.2
Maces & Flails | 1 4 6 9 |  9.8
Charms         | 2 6 |  6.2
Ice Magic      | 4 |  4.8
Shields        | 2 0 |  0.0
Poison Magic   | 6 |  6.6
Dodging        | |  1.5
Stealth        | |  3.0
Conjurations   | |  1.0

Action                   |  1- 3 |  4- 6 |  7- 9 | 10-12 || total
-------------------------+-------+-------+-------+-------++-------
Melee: Trident           |       |     4 |       |       ||     4
       Mace              |       |    11 |   168 |   327 ||   506
       Flail             |       |       |       |    39 ||    39
 Cast: Shock             |    32 |    52 |   127 |    24 ||   235
       Airstrike         |       |     1 |    12 |     6 ||    19
       Mephitic Cloud    |       |       |     6 |    15 ||    21
       Ozocubu's Armour  |       |       |     3 |     6 ||     9
       Olgreb's Toxic Ra |       |       |       |     2 ||     2
Invok: Sacrifice Health  |       |       |     1 |       ||     1
       Draw Out Power    |       |       |       |     5 ||     5
       Sacrifice a Hand  |       |       |       |     1 ||     1
 Abil: Spit Poison       |    17 |    20 |    35 |     6 ||    78
       Breathe Poison Ga |       |       |       |    19 ||    19
Evoke: Wand              |       |       |     4 |     3 ||     7
  Use: Scroll            |       |       |     7 |     5 ||    12
       Potion            |       |       |     1 |     4 ||     5
 Stab: Sleeping          |       |       |     2 |     1 ||     3
       Confused          |       |       |     5 |    14 ||    19
  Eat: Chunk             |       |     3 |     7 |    11 ||    21
       Ration            |       |       |     1 |     1 ||     2
Armor: Robe              |     3 |    23 |   155 |   176 ||   357
       Skin              |       |       |    13 |    19 ||    32
Dodge: Dodged            |     5 |    33 |   118 |   184 ||   340
Block: Buckler           |       |       |    29 |    40 ||    69

Table legend:
 A = Non-vault XP
 B = Vault XP
 C = Vault XP percentage of total XP
 D = Non-vault monster count
 E = Vault monster count
 F = Vault count percentage of total count
                 A         B        C        D         E       F
            +---------+---------+-------+---------+---------+-------
      Total |   10566 |    2801 |  21.0 |     171 |      40 |  19.0
            +---------+---------+-------+---------+---------+-------
        D:1 |      17 |       0 |   0.0 |       9 |       0 |   0.0
        D:2 |      19 |       0 |   0.0 |       4 |       0 |   0.0
        D:3 |      69 |      31 |  31.0 |      15 |       9 |  37.5
        D:4 |     214 |       0 |   0.0 |       5 |       0 |   0.0
        D:5 |     136 |       0 |   0.0 |       4 |       0 |   0.0
        D:6 |     915 |       0 |   0.0 |      26 |       0 |   0.0
        D:7 |     807 |     321 |  28.5 |      21 |       6 |  22.2
        D:8 |     561 |       0 |   0.0 |      16 |       0 |   0.0
        D:9 |    2732 |     356 |  11.5 |      23 |      19 |  45.2
       D:10 |     133 |       0 |   0.0 |       2 |       0 |   0.0
       D:11 |    1647 |      75 |   4.4 |      21 |       3 |  12.5
       D:12 |    2272 |    2018 |  47.0 |       6 |       3 |  33.3
      Orc:1 |     801 |       0 |   0.0 |      17 |       0 |   0.0
      Orc:2 |     243 |       0 |   0.0 |       2 |       0 |   0.0
            +---------+---------+-------+---------+---------+-------
